 Dungeon Crawl Stone Soup version 0.21.0-3-g78d12a8 (webtiles) character file.

1215 WalesRoam the Destroyer (level 8, -7/41 HPs)
             Began as a Deep Elf Conjurer on Jan 13, 2018.
             Was an Initiate of Sif Muna.
             Mangled by Edmund
             ... wielding a +6 flail of crushing
              (12 damage)
             ... on level 6 of the Dungeon.
             The game lasted 00:14:20 (5974 turns).

WalesRoam the Destroyer (Deep Elf Conjurer)         Turns: 5974, Time: 00:14:20

Health: -7/41      AC:  6    Str:  5    XL:     8   Next: 22%
Magic:  11/20      EV: 14    Int: 23    God:    Sif Muna [......]
Gold:   186        SH:  0    Dex: 15    Spells: 7/21 levels left

rFire    . . .     SeeInvis .   u - +0 shortbow
rCold    . . .     Gourm    .   (shield currently unavailable)
rNeg     . . .     Faith    .   a - +0 robe
rPois    .         Spirit   .   (no helmet)
rElec    .         Reflect  .   (no cloak)
rCorr    .         Harm     .   v - +0 pair of gloves
MR       .....                  f - +2 pair of boots
Stlth    ++........             (no amulet)
HPRegen  0.13/turn              (no ring)
MPRegen  0.17/turn              (no ring)

@: no status effects
A: no striking features
a: Renounce Religion


You were on level 6 of the Dungeon.
You worshipped Sif Muna.
Sif Muna was noncommittal.
You were not hungry.

You visited 1 branch of the dungeon, and saw 6 of its levels.

You collected 186 gold pieces.

Inventory:

Hand Weapons
 r - a +1 whip of electrocution
 u - a +0 shortbow (weapon)
Missiles
 k - 16 poisoned needles
 p - 99 arrows (quivered)
Armour
 a - a +0 robe (worn)
 f - a +2 pair of boots (worn)
 v - a +0 pair of gloves (worn)
Scrolls
 d - 3 scrolls of remove curse {unknown}
 i - a scroll of random uselessness {unknown}
 j - 6 scrolls of identify {unknown}
 l - 3 scrolls of blinking {unknown}
 o - 2 scrolls of enchant armour {unknown}
 s - 2 scrolls of magic mapping {unknown}
 w - a scroll of teleportation {unknown}
Potions
 e - 6 potions of curing {unknown}
 g - a potion of brilliance {unknown}
 h - 2 potions of resistance {unknown}
 m - 2 potions of flight {unknown}
 n - 4 potions of lignification {unknown}
 q - a potion of might {unknown}
Books
 b - a book of Conjurations

   Spells                             Type                      Level
   a - Magic Dart                     Conjuration                  1
   b - Searing Ray                    Conjuration                  2
   c - Dazzling Spray                 Conjuration/Hexes            3
   d - Fulminant Prism                Conjuration/Hexes            4
   e - Force Lance                    Conjuration/Translocation    4
   f - Iskenderun's Mystic Blast      Conjuration                  4
Comestibles
 c - 11 rations
 t - 5 chunks of flesh


   Skills:
 + Level 2.0 Bows
 + Level 4.4 Dodging
 - Level 2.4 Stealth
 - Level 7.0 Spellcasting
 - Level 8.0 Conjurations
 * Level 5.7 Hexes


You had 7 spell levels left.
You knew the following spells:

 Your Spells              Type           Power        Failure   Level  Hunger
a - Magic Dart            Conj           ####         1%          1    None
b - Searing Ray           Conj           #####.       1%          2    None
c - Dazzling Spray        Conj/Hex       #####.       1%          3    None
d - Iskenderun's Mystic   Conj           #####...     2%          4    ###....
e - Fulminant Prism       Conj/Hex       #####.....   4%          4    ###....


Dungeon Overview and Level Annotations

Branches:
Dungeon (6/15)
 Temple: D:4-7

Altars:
Cheibriados
Fedhas
Gozag
Kikubaaqudgha
Nemelex Xobeh
Sif Muna
Wu Jian
Yredelemnul

Annotations:
D:3 exclusion: hippogriff
D:6 2 transporters, Edmund, Menkaure, Pikel, Sigmund


Message History

Edmund hits you with a flail of crushing!
Casting: Searing Ray
Confirm with . or Enter, or press ? or * to list all spells.
Aiming: Searing Ray
Press: ? - help, Shift-Dir - straight line, f/p - Edmund
Aim: Edmund, wielding a flail of crushing and wearing a ring mail (heavily wounded)
The searing ray misses Edmund. (Press . to maintain the ray.) Edmund hits you with a flail of crushing!
The searing ray hits Edmund.
Edmund is heavily wounded.
Edmund hits you with a flail of crushing!
* * * LOW HITPOINT WARNING * * *
x2 The searing ray hits Edmund.
Edmund is severely wounded.
The searing ray hits Edmund.
Edmund is almost dead.
You finish channeling your searing ray.
Edmund hits you with a flail of crushing!
You die...

# #######..#####
#...####.........#
#.............##.#
#...####.#..#.....
##.#####.........#
#...<.......#####
#.########.## #.#
#@# #@# ... .....
....... .........
+.........+
#.........#


You could see Edmund.

Vanquished Creatures
  A sky beast (D:3)
  2 ogres
  2 centaurs (D:5)
  A bullfrog (D:4)
  A crimson imp (D:6)
  An orc priest (D:4)
  A jelly (D:5)
  2 hounds
  A centaur skeleton (D:4)
  7 orc wizards
  An iguana (D:4)
  Natasha (twice) (D:3)
  2 worker ants (D:4)
  A howler monkey zombie (D:5)
  A worker ant zombie (D:5)
  4 gnolls (D:6)
  5 adders
  An ooze (D:3)
  2 adder skeletons
  4 worms
  3 dart slugs
  7 leopard geckos
  14 orcs
  10 bats
  3 giant cockroaches
  7 goblins
  6 hobgoblins
  4 jackals
  7 kobolds
  A quokka (D:5)
  5 ball pythons
  4 frilled lizards
  A leopard gecko skeleton (D:4)
  A quokka zombie (D:5)
  10 rats
125 creatures vanquished.

Notes
Turn   | Place    | Note
-------+----------+-------------------------------------------
     0 | D:1      | WalesRoam the Deep Elf Conjurer began the quest for the Orb.
     0 | D:1      | Reached XP level 1. HP: 10/10 MP: 6/6
   150 | D:1      | Reached XP level 2. HP: 15/15 MP: 1/8
   213 | D:1      | Learned a level 2 spell: Searing Ray
   363 | D:1      | Reached skill level 5 in Conjurations
   474 | D:1      | Reached XP level 3. HP: 19/19 MP: 6/10
  1122 | D:2      | Learned a level 3 spell: Dazzling Spray
  1438 | D:3      | Found a blossoming altar of Fedhas.
  1442 | D:3      | Reached XP level 4. HP: 24/24 MP: 7/12
  1523 | D:3      | Reached skill level 6 in Conjurations
  1545 | D:3      | Noticed Natasha
  1692 | D:3      | Killed Natasha
  1692 | D:3      | Reached XP level 5. HP: 28/28 MP: 7/14
  2366 | D:3      | Noticed a sky beast
  2375 | D:3      | Killed a sky beast
  2375 | D:3      | Reached skill level 5 in Spellcasting
  2375 | D:3      | Reached skill level 7 in Conjurations
  2375 | D:3      | Reached XP level 6. HP: 8/32 MP: 4/16
  2566 | D:3      | Noticed Natasha
  2570 | D:3      | Killed Natasha
  2594 | D:3      | Noticed a hippogriff
  3146 | D:4      | Learned a level 4 spell: Iskenderun's Mystic Blast
  3151 | D:4      | Learned a level 4 spell: Fulminant Prism
  3309 | D:4      | Reached skill level 8 in Conjurations
  3309 | D:4      | Reached XP level 7. HP: 36/36 MP: 13/18
  3339 | D:4      | Reached skill level 1 in Hexes
  3692 | D:4      | Found a snail-covered altar of Cheibriados.
  3692 | D:4      | Found a sparkling altar of Nemelex Xobeh.
  3760 | D:4      | Found a faded altar of an unknown god.
  3762 | D:4      | Found an ornate altar of the Wu Jian Council.
  3764 | D:4      | Found an opulent altar of Gozag.
  4028 | D:5      | Entered Level 5 of the Dungeon
  5072 | D:5      | Reached skill level 1 in Bows
  5293 | D:5      | Reached skill level 5 in Hexes
  5293 | D:5      | Reached XP level 8. HP: 41/41 MP: 9/20
  5521 | D:5      | Found a deep blue altar of Sif Muna.
  5526 | D:5      | Became a worshipper of Sif Muna the Loreminder
  5700 | D:6      | Found an ancient bone altar of Kikubaaqudgha.
  5701 | D:6      | Found a transporter.
  5709 | D:6      | Noticed Sigmund
  5711 | D:6      | Found a transporter.
  5724 | D:6      | Noticed Pikel
  5726 | D:6      | Found a basalt altar of Yredelemnul.
  5727 | D:6      | Noticed Menkaure
  5966 | D:6      | Noticed Edmund
  5974 | D:6      | Mangled by Edmund

Skill      XL: |  1  2  3  4  5  6  7  8 |
---------------+-------------------------+-----
Conjurations   | 5 6 7 8 |  8.0
Spellcasting   | 4 5 6 7 |  7.0
Hexes          | 5 |  5.7
Dodging        | 4 |  4.4
Bows           | 1 2 |  2.0
Stealth        | |  2.4

Action                   |  1- 3 |  4- 6 |  7- 9 || total
-------------------------+-------+-------+-------++-------
Melee: Unarmed           |     1 |     3 |       ||     4
       Whip              |       |       |    18 ||    18
 Fire: Shortbow          |       |       |     7 ||     7
 Cast: Magic Dart        |    89 |    50 |    62 ||   201
       Searing Ray       |     3 |    12 |    25 ||    40
       Dazzling Spray    |       |       |    13 ||    13
       Iskenderun's Myst |       |       |     1 ||     1
  Eat: Chunk             |     1 |     6 |     8 ||    15
Armor: Robe              |     1 |     4 |    13 ||    18
Dodge: Dodged            |     5 |    13 |    25 ||    43
